 Dungeon Crawl Stone Soup version 0.30-a0-591-g3c58d2bc28 (webtiles) character file.

Game seed: 12042280215851999878

80 Shayle the Poker (level 4, -2/34 HPs)
             Began as a Demonspawn Reaver on Jan 5, 2023.
             Killed from afar by an orc wizard (11 damage)
             ... with a magic dart
             ... on level 4 of the Dungeon.
             The game lasted 00:05:03 (1739 turns).

Shayle the Poker (Demonspawn Reaver)                Turns: 1739, Time: 00:05:03

Health: -2/34      AC:  3    Str: 12    XL:     4   Next: 18%
Magic:  7/7        EV: 13    Int: 16    God:
Gold:   71         SH:  3    Dex: 12    Spells: 6/7 levels left

rFire   + . .      SeeInvis .    l - +1 short sword (venom)
rCold   + . .      Faith    .    j - +0 buckler
rNeg    . . .      Spirit   .    b - +0 leather armour
rPois   +          Reflect  .    (no helmet)
rElec   +          Harm     .    (no cloak)
rCorr   +          Rampage  .    (no gloves)
Will    .....                    (no boots)
Stlth   +                        (no amulet)
HPRegen 0.25/turn                (no ring)
MPRegen 0.20/turn                (no ring)

@: brilliant, resistant
A: repulsion field 1, magic regeneration, demonic touch 1
a: no special abilities


You were on level 4 of the Dungeon.
You visited 1 branch of the dungeon, and saw 3 of its levels.

You collected 71 gold pieces.

Inventory:

Hand Weapons
 a - a +0 spear
 l - a +1 short sword of venom (weapon)
Armour
 b - a +0 leather armour (worn)
 j - a +0 buckler (worn)
Scrolls
 c - a scroll of enchant armour
 i - a scroll of enchant weapon
 k - a scroll of noise {unknown}
Potions
 f - a potion of lignification {unknown}
 m - a potion of curing {unknown}


   Skills:
 + Level 2.6 Fighting
 + Level 3.1 Polearms
 + Level 2.3 Dodging
 - Level 2.0 Spellcasting
 - Level 3.0 Conjurations
 + Level 1.6 Necromancy
 + Level 1.3 Earth Magic


You had 6 spell levels left.
You knew the following spells:

 Your Spells              Type           Power      Damage    Failure   Level
a - Kiss of Death         Conj/Necr      52%        2d9       14%         1

Your spell library contained the following spells:

 Spells                   Type           Power      Damage    Failure   Level
 Momentum Strike          Conj/Tloc      18%        3d8       30%         2
 Sting                    Tmut/Pois      8%         1d3       36%         1
 Poisonous Vapours        Pois/Air       4%         N/A       50%         2
 Hailstorm                Conj/Ice       9%         3d4       52%         3
 Olgreb's Toxic Radiance  Pois           2%         N/A       98%         4


Dungeon Overview and Level Annotations

Branches:
Dungeon (2/15)

Altars:
Sif Muna


Innate Abilities, Weirdness & Mutations

You are surrounded by a mild repulsion field. (EV +2)
You regenerate magic rapidly.
Your touch may inflict minor irresistible damage on your foes.


Message History

The orc priest is lightly wounded.
An orc priest comes into view. It is wielding a +0 whip.
The orc priest hits you with a +0 vampiric hand axe!
The orc priest hits you with a +0 vampiric hand axe.
The orc priest moves out of view.
You hit the orc priest.
The orc priest looks as sick as possible!
The orc priest is moderately wounded.
You kill the orc priest!
You have reached level 4!
You feel agile.
Your demonic ancestry asserts itself...
You begin to radiate repulsive energy.
You hit the orc.
The orc is poisoned.
The orc is severely wounded.
The orc priest calls upon Beogh to heal the orc.
The orc's wounds heal themselves!
The orc hits you with a +0 short sword.
You hit the orc but do no damage.
The orc looks as sick as possible!
You block the orc's attack.
You hit the orc.
The orc looks as sick as possible!
The orc is severely wounded.
The orc hits you with a +0 short sword.
You barely miss the orc.
The orc is almost dead.
You kill the orc!
Found 12 gold pieces.
You hit the orc wizard but do no damage.
The orc wizard points at you and mumbles some strange words.
You resist with some effort.
You closely miss the orc wizard.
The orc priest mumbles some strange prayers to Beogh against you.
Pain shoots through your body!
* * * LOW HITPOINT WARNING * * *
It was a potion of resistance.
You feel protected.
The orc wizard hits you but does no damage.
It was a potion of brilliance.
You feel clever all of a sudden.
The orc wizard points at you and mumbles some strange words.
The magic dart hits you!
You die...

**,**********#.# ####.
*,,,,,,,,,.$##.# #....
*,*,*****,♣.##.# #.##.
*,*,.,,,,,♣.##.# #.##.
*,*,♣.,,*,♣..#.#########.##.
*,*,♣._,*,♣..#.#.........##.
**,*,*..o*,♣..#.#.##########.
*,,*,,,,..,♣..#........# #.
*,,*,♣♣♣♣♣.♣@.###)#)##.#####.
*,,,,......oo.....#.##.......
*,,,,.........#####.########.
*****########## ### ##


You could see an orc priest and an orc wizard.

Vanquished Creatures
  An orc priest (D:4)
  A dart slug (D:4)
  2 orcs (D:4)
  2 ball pythons
  5 endoplasms (D:1)
  2 giant cockroaches (D:1)
  4 goblins
  7 hobgoblins
  5 kobolds
  2 quokkas
  6 bats (D:1)
  A frilled lizard (D:1)
  A rat (D:1)
39 creatures vanquished.

Notes
Turn   | Place    | Note
-------+----------+-------------------------------------------
     0 | D:1      | Shayle the Demonspawn Reaver began the quest for the Orb.
     0 | D:1      | Reached XP level 1. HP: 16/16 MP: 3/3
   279 | D:1      | Gained mutation: Your touch may inflict minor irresistible
                  | damage on your foes. [demonic ancestry]
   279 | D:1      | Reached XP level 2. HP: 22/22 MP: 5/5
   655 | D:1      | Reached skill level 1 in Necromancy
   879 | D:1      | Gained mutation: You regenerate magic rapidly. [demonic
                  | ancestry]
   879 | D:1      | Reached XP level 3. HP: 28/28 MP: 6/6
  1405 | D:2      | Reached skill level 1 in Earth Magic
  1522 | D:2      | You fall into a shaft and drop 2 floors!
  1727 | D:4      | Found a shimmering blue altar of Sif Muna.
  1730 | D:4      | Gained mutation: You are surrounded by a mild repulsion
                  | field. (EV +2) [demonic ancestry]
  1730 | D:4      | Reached XP level 4. HP: 20/34 MP: 7/7
  1739 | D:4      | Killed from afar by an orc wizard

Illustrated notes

Levels and vault maps discovered:
D:1:      dpeg_arrival_refuge, layout_basic, serial_co_window_serial,
          co_window_corner_a, co_window_paths_b, co_window_corner_a,
          co_window_of_opportunity_a, co_window_of_opportunity_a,
          co_window_of_opportunity_c, co_window_2corner, co_window_broadway_a,
          co_window_corner_b, co_window_corner_cb, co_window_corner_b,
          co_window_4corner_a, co_window_paths_e, glass_columns_c
D:2:      minmay_skewed_foursquare, layout_basic, basic_altar,
          minmay_stone_trees_small, uniq_crazy_yiuf_cottage
D:4:      kennysheep_the_goblin_king, layout_basic,
          mainiacjoe_overflow_tiny_flanked, mainiacjoe_overflow_cross_hatched,
          enter_ossuary_3, uniq_eustachio

Skill      XL: |  1  2  3 |
---------------+----------+-----
Dodging        | 2 |  2.3
Necromancy     | 1 |  1.6
Polearms       | 3 |  3.1
Earth Magic    | 1 |  1.3
Fighting       | |  2.6
Spellcasting   | |  2.0
Conjurations   | |  3.0

Action                   |  1- 3 |  4- 6 || total
-------------------------+-------+-------++-------
Melee: Spear             |   107 |       ||   107
       Touch             |     5 |       ||     5
       Short sword       |    16 |     6 ||    22
  Use: Scroll            |     4 |       ||     4
       Potion            |       |     2 ||     2
Armor: Leather armour    |    30 |     1 ||    31
Dodge: Dodged            |    51 |       ||    51
Block: Buckler           |     3 |     1 ||     4

Table legend: (Time is in decaauts)
 A = Elapsed time spent in this place.
 B = Non-inter-level travel time spent in this place.
 C = Inter-level travel time spent in this place.
 D = Time resting spent in this place.
 E = Time spent auto-exploring this place.
 F = Levels seen in this place.
 G = Mean time per level.
                   A        B        C        D        E       F      G
               +--------+--------+--------+--------+--------+-----+--------+
         Total |   1736 |   1672 |     64 |    118 |   1159 |   3 |  578.7 |
       Dungeon |   1736 |   1672 |     64 |    118 |   1159 |   3 |  578.7 |
               +--------+--------+--------+--------+--------+-----+--------+

Top non-repeatable levels by time:
     D:1: 1347 daAuts
     D:4: 218 daAuts
     D:2: 171 daAuts
